 Dungeon Crawl Stone Soup version 0.29.0-4-gdea44cf6ec (webtiles) character file.

Game seed: 15630682081565734883

635 qw the Chopper (level 7, -4/42 HPs)
             Began as a Tengu Warper on Aug 28, 2022.
             Slain by Sigmund
             ... wielding a +0 scythe
              (8 damage)
             ... on level 4 of the Dungeon.
             The game lasted 00:00:24 (3438 turns).

qw the Chopper (Tengu Warper)                       Turns: 3438, Time: 00:00:25

Health: -4/42      AC:  8    Str: 13    XL:     7   Next: 50%
Magic:  11/11      EV: 14    Int: 14    God:
Gold:   154        SH:  0    Dex: 17    Spells: 10/10 levels left

rFire   . . .      SeeInvis .   a - +7 war axe "Puomy" {holy, Dex+4}
rCold   . . .      Faith    .   (no shield)
rNeg    . . .      Spirit   .   l - +0 ring mail
rPois   .          Reflect  .   (helmet restricted)
rElec   .          Harm     .   h - +2 cloak
rCorr   .          Rampage  .   (no gloves)
Will    .....                   (boots unavailable)
Stlth   +.........              (no amulet)
HPRegen 0.14/turn               (no ring)
MPRegen 0.12/turn               (no ring)

@: flying quickly and evasively, quick
A: beak, talons 3, nimble flight
a: no special abilities


You were on level 4 of the Dungeon.
You visited 1 branch of the dungeon, and saw 4 of its levels.

You collected 154 gold pieces.


Innate Abilities, Weirdness & Mutations

You have a beak for a mouth.
You have claws for feet.
Your magical nature lets you fly swiftly and evasively.


   Skills:
 - Level 3.9 Fighting
 + Level 7.8 Axes
 - Level 1.0 Throwing
 - Level 1.1 Armour
 - Level 3.0 Dodging
 - Level 2.0 Spellcasting
 - Level 2.4 Translocations


You had 10 spell levels left.
You didn't know any spells.
Your spell library contained the following spells:

 Spells                   Type           Power      Damage    Failure   Level
 Blink                    Tloc           16%        N/A       28%         2
 Gell's Gravitas          Tloc           8%         N/A       50%         3
 Lesser Beckoning         Tloc           8%         N/A       50%         3
 Teleport Other           Tloc           8%         N/A       50%         3
 Manifold Assault         Tloc           8%         N/A       99%         5

Inventory:

Hand Weapons
 a - the +7 war axe "Puomy" (weapon) {holy, Dex+4}
   (You acquired it on level 1 of the Dungeon)

   It has been blessed by the Shining One to cause great damage to the undead
   and demons.
   Dex:       It affects your dexterity (+4).
 d - a +0 mace
Armour
 h - a +2 cloak (worn)
 i - a +0 scale mail
 l - a +0 ring mail (worn)
Jewellery
 j - a ring of positive energy
 k - a ring of willpower
Scrolls
 g - a scroll of enchant armour
Potions
 b - a potion of mutation {unknown}
 c - a potion of flight {unknown}
 e - a potion of berserk rage {unknown}
 f - 2 potions of curing

Dungeon Overview and Level Annotations

Branches:
Dungeon (4/15)
 Temple: D:4-7

Altars:

Annotations:
D:4 Sigmund


Message History

Something hits you. The orc barely misses you.
You slash the orc!
You kill the orc!
An orc comes into view. It is wielding a +0 morningstar.
A puff of flame appears from out of thin air!
The puff of flame hits you. The orc hits you with a +0 morningstar.
You closely miss the orc. You claw the orc.
The orc is almost dead.
The orc closely misses you.
You hit the orc.
You kill the orc!
Something barely misses you.
You swing at nothing.
Something hits you.
You swing at nothing.
Something barely misses you.
You swing at nothing.
You swing at nothing.
You hear some strange, mumbled words.
You are confused.
You hear some strange, mumbled words.
A puff of flame appears from out of thin air!
The puff of flame hits you.
3431 ||| DRINKING 3 potions of curing.
You feel better.
3431 ||| (to cure confusion)
Something hits you.
You swing at nothing.
You swing at nothing.
Something hits you but does no damage.
You swing at nothing.
You hear some strange, mumbled words.
Something tries to affect you, but you resist.
You swing at nothing.
Something hits you.
You swing at nothing.
Something barely misses you.
You swing at nothing.
You swing at nothing.
Something hits you!
You die...

....+..... #...##...# ...
.. #...##...###.. .}.
#..........#.###...
#..........#.......
+..........#..}..
##..##..##.#...
##..##.)##.#)###
#............@.#
#.............$#
...#.<...........){......
>..#...)............####.
...#....%...........#
...##......##.....###
...##......#########
...+...............#
...#....>..[.......#


There were no monsters in sight!

Vanquished Creatures
  Grinder (D:3)
  Duvessa (D:4)
  Blork the orc (D:4)
  Dowan (D:4)
  2 hounds (D:3)
  2 orc priests (D:4)
  Robin (D:3)
  4 adders
  4 orcs (D:4)
  2 endoplasms
  4 giant cockroaches
  15 goblins
  8 hobgoblins
  3 jackals (D:1)
  3 quokkas
  7 ball pythons
  2 bats (D:2)
  5 frilled lizards
  5 kobolds
  4 rats
75 creatures vanquished.

Notes
Turn   | Place    | Note
-------+----------+-------------------------------------------
     0 | D:1      | qw the Tengu Warper began the quest for the Orb.
     0 | D:1      | Reached XP level 1. HP: 12/12 MP: 4/4
     0 | D:1      | 0 ||| qw: Version: 0.1-a-89-g26bdef1
     0 | D:1      | 0 ||| qw: Game counter: 2792
     0 | D:1      | 0 ||| qw: Always use a shield: true
     0 | D:1      | 0 ||| qw: God list: Okawaru
     0 | D:1      | 0 ||| qw: Allow faded altars: false
     0 | D:1      | 0 ||| qw: Do Orc after D:15 true
     0 | D:1      | 0 ||| qw: Do second Lair branch before Depths: true
     0 | D:1      | 0 ||| qw: Lair rune preference: random
     0 | D:1      | 0 ||| qw: Plans: Normal
     0 | D:1      | 0 ||| PLANNING D:1-11
    55 | D:1      | 55 ||| Stepping ~*~*~tactically~*~*~ (stealth).
    56 | D:1      | 56 ||| Stepping ~*~*~tactically~*~*~ (stealth).
    58 | D:1      | 58 ||| Stepping ~*~*~tactically~*~*~ (stealth).
    61 | D:1      | 61 ||| Stepping ~*~*~tactically~*~*~ (stealth).
    62 | D:1      | 62 ||| Stepping ~*~*~tactically~*~*~ (stealth).
   224 | D:1      | Reached skill level 3 in Axes
   224 | D:1      | Reached XP level 2. HP: 17/17 MP: 6/6
   332 | D:1      | 332 ||| Stepping ~*~*~tactically~*~*~ (stealth).
   934 | D:1      | Found a faded altar of an unknown god.
  1165 | D:1      | 1165 ||| READING scroll labelled DYESOP DARRE.
  1166 | D:1      | 1166 ||| READING scroll labelled HIL RIULAL.
  1167 | D:1      | 1167 ||| READING scroll labelled OGUNID UZEO.
  1167 | D:1      | Identified a scroll of acquirement
  1167 | D:1      | 1167 ||| ACQUIRING +7 war axe "Puomy" {holy, Dex+4}
  1167 | D:1      | Acquired the +7 war axe "Puomy" {holy, Dex+4}
  1169 | D:1      | 1169 ||| SWAPPING to +7 war axe "Puomy" {holy, Dex+4}.
  1170 | D:1      | 1170 ||| DROPPING +0 hand axe.
  1171 | D:1      | 1171 ||| DRINKING 2 fizzy coppery potions.
  1172 | D:1      | 1172 ||| DRINKING 2 lumpy emerald potions.
  1173 | D:1      | 1173 ||| DROPPING scroll of blinking.
  1217 | D:2      | 1217 ||| STAIRDANCE
  1225 | D:2      | 1225 ||| STAIRDANCE
  1331 | D:2      | Reached XP level 3. HP: 21/21 MP: 7/7
  1368 | D:2      | 1368 ||| Stepping ~*~*~tactically~*~*~ (stealth).
  1474 | D:2      | Reached skill level 4 in Axes
  1823 | D:2      | 1823 ||| UPGRADING to +0 cloak.
  1828 | D:2      | 1828 ||| UPGRADING to +0 ring mail.
  1838 | D:2      | 1838 ||| DROPPING +0 leather armour.
  1839 | D:2      | 1839 ||| DROPPING amulet of magic regeneration.
  1840 | D:2      | 1840 ||| READING scroll labelled EMAUW XAECAAMU.
  1841 | D:2      | 1841 ||| READING scroll labelled ROITUI GAODAT.
  1846 | D:2      | 1846 ||| DRINKING 2 murky inky potions.
  1847 | D:2      | 1847 ||| DROPPING potion of magic.
  1971 | D:3      | Reached XP level 4. HP: 26/26 MP: 8/8
  1975 | D:3      | Noticed Grinder
  1976 | D:3      | 1976 ||| Stepping ~*~*~tactically~*~*~ (hiding).
  1977 | D:3      | 1977 ||| Stepping ~*~*~tactically~*~*~ (hiding).
  1978 | D:3      | 1978 ||| Stepping ~*~*~tactically~*~*~ (hiding).
  1984 | D:3      | HP: 2/26 [Grinder (5)]
  1985 | D:3      | 1985 ||| DRINKING potion of heal wounds.
  1986 | D:3      | Killed Grinder
  1987 | D:3      | Reached skill level 6 in Axes
  1987 | D:3      | Gained mutation: Your magical nature lets you fly swiftly
                  | and evasively. [Tengu growth]
  1987 | D:3      | Reached XP level 5. HP: 30/30 MP: 9/9
  1987 | D:3      | Reached XP level 6. HP: 35/35 MP: 10/10
  2141 | D:3      | Reached skill level 7 in Axes
  2692 | D:4      | Noticed Robin
  2693 | D:4      | 2693 ||| STAIRDANCE
  2698 | D:4      | 2698 ||| STAIRDANCE
  2710 | D:4      | Noticed Duvessa
  2710 | D:4      | Noticed Dowan
  2711 | D:4      | 2711 ||| STAIRDANCE
  2717 | D:3      | Killed Robin
  2798 | D:4      | 2798 ||| STAIRDANCE
  2804 | D:4      | 2804 ||| STAIRDANCE
  2809 | D:4      | 2809 ||| STAIRDANCE
  2833 | D:4      | 2833 ||| STAIRDANCE
  2944 | D:4      | Killed Duvessa
  2945 | D:4      | Reached skill level 3 in Fighting
  2945 | D:4      | Reached XP level 7. HP: 24/42 MP: 11/11
  2945 | D:4      | 2945 ||| STAIRDANCE
  3093 | D:4      | Killed Dowan
  3173 | D:4      | Reached skill level 3 in Dodging
  3213 | D:4      | Noticed Blork the orc
  3214 | D:4      | 3214 ||| FLEEEEING.
  3215 | D:4      | 3215 ||| FLEEEEING.
  3226 | D:4      | HP: 8/42 [Blork the orc/+0 long sword (5)]
  3226 | D:4      | HP: 2/42 [Blork the orc/magic dart (6)]
  3227 | D:4      | 3227 ||| DRINKING potion of heal wounds.
  3228 | D:4      | Killed Blork the orc
  3398 | D:4      | 3398 ||| READING 3 scrolls of enchant armour.
  3398 | D:4      | 3398 ||| ENCHANTING +0 cloak.
  3399 | D:4      | 3399 ||| READING 2 scrolls of enchant armour.
  3399 | D:4      | 3399 ||| ENCHANTING +1 cloak.
  3406 | D:4      | 3406 ||| Stepping ~*~*~tactically~*~*~ (stealth).
  3408 | D:4      | 3408 ||| Stepping ~*~*~tactically~*~*~ (hiding).
  3411 | D:4      | Noticed Sigmund
  3424 | D:4      | HP: 9/42 [orc/+0 morningstar (2)]
  3430 | D:4      | HP: 3/42 [something/puff of flame (4)]
  3431 | D:4      | 3431 ||| DRINKING 3 potions of curing.
  3431 | D:4      | 3431 ||| (to cure confusion)
  3435 | D:4      | HP: 3/42 [something (4)]
  3438 | D:4      | Slain by Sigmund

Levels and vault maps discovered:
D:1:      kennysheep_arrival_seaside, layout_loops_corners,
          shapermc_ecumenical_altar_hornbeckon
D:2:      layout_rooms, lightli_corner_chamber
D:3:      layout_basic, uniq_grinder
D:4:      layout_gridville, grunt_dithmenos_smoke,
          minmay_temple_entry_junction_2, kennysheep_boxes, uniq_duvessa,
          uniq_sigmund, uniq_robin, uniq_blork_the_orc

Skill      XL: |  1  2  3  4  5  6  7 |
---------------+----------------------+-----
Axes           | 3 4 6 7 |  7.8
Fighting       | 3 |  3.9
Dodging        | 3 |  3.0
Throwing       | |  1.0
Armour         | |  1.1
Spellcasting   | |  2.0
Translocations | |  2.4

Action                   |  1- 3 |  4- 6 |  7- 9 || total
-------------------------+-------+-------+-------++-------
Melee: Hand axe          |    38 |       |       ||    38
       Kick              |    10 |     2 |     7 ||    19
       War axe           |    33 |    31 |    29 ||    93
       Peck              |     6 |     1 |     2 ||     9
       Punch             |       |     1 |     1 ||     2
Throw: Boomerang         |     7 |       |       ||     7
  Use: Scroll            |     5 |       |     2 ||     7
       Potion            |     3 |     1 |     2 ||     6
Armor: Leather armour    |    13 |       |       ||    13
       Ring mail         |       |    19 |     6 ||    25
Dodge: Dodged            |    41 |    33 |    21 ||    95

Table legend:
 A = Non-vault XP
 B = Vault XP
 C = Vault XP percentage of total XP
 D = Non-vault monster count
 E = Vault monster count
 F = Vault count percentage of total count
                 A         B        C        D         E       F
            +---------+---------+-------+---------+---------+-------
      Total |     306 |     602 |  66.3 |      58 |      17 |  22.7
            +---------+---------+-------+---------+---------+-------
        D:1 |      27 |       0 |   0.0 |      18 |       0 |   0.0
        D:2 |      51 |       0 |   0.0 |      18 |       0 |   0.0
        D:3 |     113 |     297 |  72.4 |      11 |      14 |  56.0
        D:4 |     115 |     305 |  72.6 |      11 |       3 |  21.4
            +---------+---------+-------+---------+---------+-------
